 Dungeon Crawl Stone Soup version 0.32-a0-768-g0f6f1dd4b9 (webtiles) character file.

Game seed: 9999613046828027201

32 Griffin23 the Shield-Bearer (level 3, -8/33 HPs)
             Began as a Minotaur Fighter on Mar 18, 2024.
             Mangled by Sigmund
             ... wielding a +2 scythe of pain
              (10 damage)
             ... on level 2 of the Dungeon.
             The game lasted 00:00:47 (763 turns).

Griffin23 the Shield-Bearer (Minotaur Fighter)       Turns: 763, Time: 00:00:48

Health: -8/33      AC:  8    Str: 22    XL:     3   Next: 8%
Magic:  2/2        EV:  8    Int:  5    God:
Gold:   45         SH:  4    Dex:  9    Spells: 2/2 levels left

rFire   . . .        a - +0 long sword
rCold   . . .        c - +0 buckler
rNeg    . . .        b - +0 scale mail
rPois   .            (helmet restricted)
rElec   .            j - +0 cloak
rCorr   .            (no gloves)
SInv    .            (no boots)
Will    .....        (no amulet) Stlth
                     (no ring)
HPRegen 0.25/turn    (no ring)
MPRegen 0.08/turn

%: no passive effects
@: no status effects
A: horns 2, retaliatory headbutt
a: no special abilities


You were on level 2 of the Dungeon.
You visited 1 branch of the dungeon, and saw 2 of its levels.

You collected 45 gold pieces.

Inventory:

Hand Weapons
 a - a +0 long sword (weapon)
Armour
 b - a +0 scale mail (worn)
 c - a +0 buckler (worn)
 j - a +0 cloak (worn)
Wands
 k - a wand of paralysis (8)
Scrolls
 e - a scroll of vulnerability {unknown}
 f - 4 scrolls of identify {unknown}
 g - 3 scrolls of silence {unknown}
 i - a scroll of revelation {unknown}
 l - a scroll of poison {unknown}
Potions
 d - a potion of might
 h - 2 potions of lignification {unknown}


   Skills:
 + Level 4.0 Fighting
 + Level 3.0 Long Blades
 + Level 4.0 Armour
 + Level 4.1 Shields


You had 2 spell levels left.
You didn't know any spells.
Your spell library was empty.

Dungeon Overview and Level Annotations

Branches:
Dungeon (2/15)

Altars:

Shops:
D:2 !

Annotations:
D:2 Sigmund


Innate Abilities, Weirdness & Mutations

You have a pair of horns on your head.
You reflexively headbutt those who attack you in melee.


Message History

There are monsters nearby!
Found a stone staircase leading down.
You block Sigmund's attack.
The kobold throws a stone.
The stone hits you but does no damage.
There are monsters nearby!
The kobold completely misses you. You furiously retaliate!
You headbutt the kobold, but do no damage.
There are monsters nearby!
You hit Sigmund but do no damage. Sigmund gestures at you while chanting.
The puff of flame hits you! The kobold misses you.
You slash Sigmund!
Sigmund is moderately wounded.
Sigmund gestures wildly while chanting.
Sigmund flickers and vanishes!
Deactivating autopickup; reactivate with Ctrl-A.
The kobold misses you. Something hits you.
You miss the kobold. Your headbutt misses the kobold.
The kobold hits you but does no damage. The kobold barely misses you.
You furiously retaliate!
You headbutt the kobold!
You kill the kobold!
Something hits you.
You are too injured to fight recklessly!
You are too injured to fight recklessly!
You hit something. You barely miss something. Your headbutt misses something.
You block something's attack.
You hit something.
You hear some strange, mumbled words.
A magic dart appears from out of thin air!
The magic dart hits you.
You hit something. Something hits you!
* * * LOW HITPOINT WARNING * * *
You writhe in agony.
* * * LOW HITPOINT WARNING * * *
You closely miss something. Your headbutt misses something. Something hits you.
* * * LOW HITPOINT WARNING * * *
You writhe in agony.
* * * LOW HITPOINT WARNING * * *
You miss something. Something hits you!
You die...

#.#
#.###.######.##...####
#.# #. #..# #..##.....
#.# .. ##.# ##.##...##
#.# ## #.# #.##....#
#.# #.# ##.....# #.#
#.#####...#.## #.#
####........#..# ..#
.>....{####...## .##
###.@.###..# ##
#..).......#
#....?.....#
#...........#
###########.# .# ..
... ..


There were no monsters in sight!

Vanquished Creatures
  A dart slug (D:2)
  3 bats (D:1)
  An endoplasm (D:1)
  2 giant cockroaches (D:1)
  2 goblins (D:1)
  3 hobgoblins (D:1)
  4 jackals (D:1)
  3 kobolds
  3 quokkas (D:1)
  A ball python (D:2)
  A frilled lizard (D:1)
  A rat (D:1)
25 creatures vanquished.

Notes
Turn   | Place    | Note
-------+----------+-------------------------------------------
     0 | D:1      | Griffin23 the Minotaur Fighter began the quest for the Orb.
     0 | D:1      | Reached XP level 1. HP: 19/19 MP: 0/0
    93 | D:1      | Reached XP level 2. HP: 27/27 MP: 1/1
   617 | D:2      | Found Zikev's Distillery.
   682 | D:2      | Reached XP level 3. HP: 30/33 MP: 2/2
   750 | D:2      | Noticed Sigmund
   762 | D:2      | HP: 1/33 [something (1)]
   763 | D:2      | Mangled by Sigmund

Illustrated notes

Levels and vault maps discovered:
D:1:      dpeg_arrival_pits, layout_rooms, minivault_11,
          minmay_misc_feat_diagonals
D:2:      layout_rooms, serial_shops, nicolae_shop_tiny_real_fake_doors,
          uniq_sigmund

Skill      XL: |  1  2 |
---------------+-------+-----
Shields        | 4 |  4.1
Armour         | 4 |  4.0
Long Blades    | 3 |  3.0
Fighting       | 4 |  4.0

Action                     || total
---------------------------++-------
  Melee: Long sword        ||    68
         Headbutt          ||     9
 Armour: Scale mail        ||    46
  Dodge: Dodged            ||    28
  Block: Buckler           ||    20

Table legend: (Time is in decaauts)
 A = Elapsed time spent in this place.
 B = Non-inter-level travel time spent in this place.
 C = Inter-level travel time spent in this place.
 D = Time resting spent in this place.
 E = Time spent auto-exploring this place.
 F = Levels seen in this place.
 G = Mean time per level.
                   A        B        C        D        E       F      G
               +--------+--------+--------+--------+--------+-----+--------+
         Total |    781 |    763 |     18 |      0 |    597 |   2 |  390.5 |
       Dungeon |    781 |    763 |     18 |      0 |    597 |   2 |  390.5 |
               +--------+--------+--------+--------+--------+-----+--------+

Top non-repeatable levels by time:
     D:1: 625 daAuts
     D:2: 156 daAuts
